AoeStats
← L0rdDmbrngr

MegaRandom

509186696Analyzed
3v3 RM · 7d ago on Sep 25, 2026· 61m 21s· 6 players
Game mode
Random Map
Map size
Normal (6 player)
Population
200
Speed
Normal
Resources
Standard
Victory
Conquest
Starting age
Dark Age
Ending age
Imperial Age
RankedLock teamsTeams togetherTeam positionsShared explorationLock speedFull tech treeHidden civsTurbo modeCheats
Victory
Defeat
🇭🇷 Bulgarians · Croatia
1041
+13
🇮🇪 Maya · Ireland
909
+18
🇮🇪 Saxons · Ireland
805
+23
🇧🇷 Ethiopians · Brazil
993
-19
🇨🇦 Varangians · Canada
982
-19
🇦🇷 Khmer · Argentina
904
-16
gustavoar
9:50 Loom
12:16 Feudal Age
12:55 Horse Collar
13:02 Double-Bit Axe
15:14 Wheelbarrow
16:00 Bloodlines
21:58 Castle Age
21:22 Fletching
23:23 Gold Mining
23:37 Heavy Plow
23:45 Padded Archer Armor
24:04 Hand Cart
25:03 Stone Mining
25:12 Bodkin Arrow
26:15 Husbandry
27:08 Bow Saw
27:28 Elite Skirmisher
28:44 Scale Barding Armor
35:52 Imperial Age
35:04 Gold Shaft Mining
35:19 Stone Shaft Mining
35:27 Town Watch
38:08 Bracer
40:35 Crop Rotation
ptom
0:35 Loom
11:16 Feudal Age
11:56 Double-Bit Axe
13:15 Wheelbarrow
15:10 Horse Collar
15:38 Horse Collar
23:37 Castle Age
21:52 Stone Mining
22:23 Gold Mining
24:42 Bow Saw
25:10 Stone Shaft Mining
24:45 Heavy Plow
25:44 Bloodlines
28:13 Fervor
29:25 Fletching
29:45 Forging
30:45 Town Watch
31:15 Treadmill Crane
31:56 Ballistics
31:32 Murder Holes
32:41 Iron Casting
32:10 Husbandry
33:11 Hand Cart
34:04 Masonry
34:32 Vendel Legacy
36:20 Scale Barding Armor
41:17 Imperial Age
39:00 Town Patrol
39:12 Bodkin Arrow
40:00 Caravan
40:42 Chain Barding Armor
40:42 Devotion
42:26 Conscription
41:44 Cavalier
43:26 Blast Furnace
43:18 Crop Rotation
43:07 Bracer
43:53 Architecture
44:52 Plate Barding Armor
44:35 Gothikon
46:52 Two-Man Saw
47:00 Chemistry
46:13 Elite Jarl
50:08 Siege Engineers
54:43 Squires
54:29 Gambesons
55:11 Elite Varangian Guard
55:57 Scale Mail Armor
57:51 Guilds
Avalanche
0:46 Loom
11:14 Feudal Age
11:50 Double-Bit Axe
11:47 Horse Collar
21:34 Castle Age
19:59 Padded Archer Armor
20:05 Padded Archer Armor
22:51 Thumb Ring
22:06 Crossbowman
23:56 Fletching
24:23 Leather Archer Armor
33:47 Husbandry
36:32 Imperial Age
35:48 Gold Mining
36:58 Ballistics
36:34 Murder Holes
38:02 Conscription
38:18 Ring Archer Armor
37:43 Bodkin Arrow
40:02 Wheelbarrow
39:13 Town Watch
38:51 Light Cavalry
39:45 Forging
39:30 Bodkin Arrow
39:41 Scale Barding Armor
41:39 Hand Cart
42:03 Hussar
43:34 Arbalester
45:05 Conscription
L0rdDmbrngr
0:49 Loom
11:02 Feudal Age
18:55 Castle Age
18:24 Double-Bit Axe
18:56 Horse Collar
20:42 Stone Mining
22:46 Town Watch
23:39 Fletching
26:10 Wheelbarrow
27:34 Gold Mining
28:07 Padded Archer Armor
29:32 Heavy Plow
29:52 Bodkin Arrow
31:59 Sanctity
32:48 Ballistics
32:39 Masonry
33:22 Fervor
36:05 Imperial Age
34:08 Scale Mail Armor
34:33 Elite Skirmisher
35:53 Bow Saw
37:48 Conscription
37:57 Bracer
38:57 Thumb Ring
39:46 Eagle Warrior
41:40 Leather Archer Armor
41:36 Forging
42:00 Hul'che Javelineers
45:06 Chemistry
43:59 Elite Plumed Archer
45:07 Squires
44:53 Arson
46:40 Hand Cart
48:33 Town Patrol
49:29 Elite Eagle Warrior
51:45 Holcans
51:34 Chain Mail Armor
55:12 Plate Mail Armor
55:13 Ring Archer Armor
55:19 Iron Casting
54:07 Pikeman
55:44 Block Printing
55:30 Devotion
55:52 Halberdier
58:37 Blast Furnace
57:44 Murder Holes
CHIKN9476
0:57 Loom
14:50 Feudal Age
15:36 Town Watch
17:37 Double-Bit Axe
18:14 Arson
18:39 Scale Mail Armor
18:50 Forging
18:31 Fletching
18:42 Padded Archer Armor
18:32 Horse Collar
19:14 Gold Mining
20:13 Stone Mining
24:28 Castle Age
25:21 Squires
25:08 Gambesons
25:55 Thumb Ring
27:47 Bodkin Arrow
28:28 Iron Casting
29:53 Wheelbarrow
34:13 Ballistics
34:52 Leather Archer Armor
35:00 Chain Mail Armor
51:43 Imperial Age
51:46 Shield Wall
51:53 Elite Hearth Troop
52:57 Conscription
54:11 Plate Mail Armor
53:45 Cranequins
aHuRa_zg82
0:39 Loom
11:39 Feudal Age
20:42 Castle Age
19:08 Double-Bit Axe
24:09 Padded Archer Armor
25:31 Elite Skirmisher
30:32 Squires
36:25 Imperial Age
33:59 Fletching
34:09 Horse Collar
34:49 Bodkin Arrow
35:45 Wheelbarrow
35:42 Town Watch
36:43 Pikeman
37:48 Bloodlines
38:03 Conscription
38:26 Husbandry
37:50 Cavalier
41:12 Stirrups
44:20 Scale Barding Armor
44:26 Forging
45:13 Chain Barding Armor
48:07 Plate Barding Armor
51:37 Hand Cart
57:55 Iron Casting
57:41 Scale Mail Armor
57:32 Gambesons
59:11 Blast Furnace
59:10 Gold Mining
59:18 Stone Mining
60:15 Chain Mail Armor
62:13 Plate Mail Armor
Connection lost

Rejoining the realm…

Still unreachable

The connection could not be restored.

Session expired

The server has moved on; the page needs a fresh start.